 Dungeon Crawl Stone Soup version 0.29-a0-90-gc37658a0fe (webtiles) character file.

Game seed: 8392159495566488269

504 lordive the Ruffian (level 6, 0/57 HPs)
             Began as a Troll Warper on Feb 7, 2022.
             Slain by a wyvern (6 damage)
             ... on level 5 of the Dungeon.
             The game lasted 00:04:32 (3460 turns).

lordive the Ruffian (Troll Warper)                  Turns: 3460, Time: 00:04:33

Health: 0/57       AC:  4    Str: 20    XL:     6   Next: 96%
Magic:  7/7        EV: 10    Int: 11    God:
Gold:   250        SH:  0    Dex:  9    Spells: 5/8 levels left

rFire   . . .      SeeInvis .     - Unarmed
rCold   . . .      Faith    .   (no shield)
rNeg    . . .      Spirit   .   a - +0 robe
rPois   .          Reflect  .   (helmet restricted)
rElec   .          Harm     .   (no cloak)
rCorr   .          Rampage  .   (gloves unavailable)
Will    .....                   (boots unavailable)
Stlth   +.........              (no amulet)
HPRegen 0.99/turn               (no ring)
MPRegen 0.10/turn               (no ring)

@: no status effects
A: large, unfitting armour, claws 3, regeneration 1, shaggy fur 1, tough skin 1
a: no special abilities


You were on level 5 of the Dungeon.
You visited 1 branch of the dungeon, and saw 5 of its levels.

You collected 250 gold pieces.

Inventory:

Missiles
 c - 2 boomerangs of dispersal (quivered)
 g - 4 silver boomerangs
 m - a boomerang
Armour
 a - a +0 robe (worn)
 p - a +0 kite shield
Jewellery
 e - a +4 ring of evasion
Scrolls
 b - a scroll of blinking
 h - a scroll of fear {unknown}
 i - a scroll of holy word {unknown}
 j - 5 scrolls of identify {unknown}
 l - a scroll of enchant armour {unknown}
Potions
 d - a potion of invisibility {unknown}
 f - 2 potions of might {unknown}
 k - 2 potions of ambrosia {unknown}
 n - a potion of brilliance {unknown}
 o - a potion of mutation {unknown}
 q - a potion of haste {unknown}
 r - a potion of lignification {unknown}


   Skills:
 * Level 2.1 Fighting
 * Level 1.0 Throwing
 * Level 0.3 Armour
 * Level 2.9 Dodging
 + Level 0.4 Stealth
 * Level 1.0 Shields
 + Level 4.9 Unarmed Combat
 + Level 1.7 Spellcasting
 * Level 3.3 Translocations


You had 5 spell levels left.
You knew the following spells:

 Your Spells              Type           Power      Damage    Failure   Level
a - Teleport Other        Tloc           8%         N/A       22%         3

Your spell library contained the following spells:

 Spells                   Type           Power      Damage    Failure   Level
 Blink                    Tloc           16%        N/A       12%         2
 Gell's Gravitas          Tloc           8%         N/A       22%         3
 Lesser Beckoning         Tloc           8%         N/A       22%         3
 Slow                     Hex            0%         N/A       30%         1
 Corpse Rot               Necr/Air       0%         N/A       41%         2
 Confusing Touch          Hex            0%         N/A       65%         3
 Ozocubu's Armour         Ice            0%         N/A       65%         3
 Vampiric Draining        Necr           0%         2d6       65%         3
 Manifold Assault         Tloc           8%         N/A       91%         5
 Dispel Undead            Necr           0%         3d6       96%         4
 Death Channel            Necr           0%         N/A       100%        6
 Ozocubu's Refrigeration  Ice            0%         4d5       100%        7


Dungeon Overview and Level Annotations

Branches:
Dungeon (5/15)
 Temple: D:4-7

Altars:
Kikubaaqudgha
Sif Muna


Innate Abilities, Weirdness & Mutations

You are too large for most types of armour.
You have claws for hands.
Your natural rate of healing is unusually fast.
You are covered in fur. (AC +1)
You have tough skin. (AC +1)


Message History

You are too injured to fight recklessly!
You are too injured to fight recklessly!
You are too injured to fight recklessly!
Unknown command.
Throw: 5 boomerangs (disperse)
Press: ? - help, Q - select action, (/) - cycle Shift-Dir - straight line, f - wyvern
Aim: a wyvern (lightly wounded, 54% to hit)
You throw a boomerang of dispersal.
The boomerang of dispersal hits the wyvern.
The wyvern blinks!
The wyvern is moderately wounded.
You scratch the wyvern but do no damage.
The wyvern is moderately wounded.
The wyvern bites you.
You claw the wyvern!
The wyvern is almost dead.
The wyvern bites you.
You scratch the wyvern but do no damage.
The wyvern is almost dead.
The wyvern bites you!!
* * * LOW HITPOINT WARNING * * *
You closely miss the wyvern.
The wyvern is almost dead.
The wyvern bites you.
* * * LOW HITPOINT WARNING * * *
The wyvern barely misses you.
Throw: 4 boomerangs (disperse)
Press: ? - help, Q - select action, (/) - cycle Shift-Dir - straight line, f/p - wyvern
Aim: a wyvern (almost dead, 54% to hit)
You throw a boomerang of dispersal.
The boomerang of dispersal hits the wyvern.
The wyvern blinks!
The wyvern is almost dead.
Throw: 3 boomerangs (disperse)
Press: ? - help, Q - select action, (/) - cycle Shift-Dir - straight line, f/p - wyvern
Aim: a wyvern (almost dead, 54% to hit)
You throw a boomerang of dispersal.
The boomerang of dispersal barely misses the wyvern.
The wyvern bites you.
You die...

#########
##<......##
##.........##
#........$..##
......ยง.l....#
##@# ##.##
#######..#
........##
.........######
..............#
..............#
.............##
............##


You could see a wyvern.

Vanquished Creatures
  The ghost of Dordric the Poker, an amateur MfGl (D:3)
  A jelly (D:4)
  An orc priest (D:4)
  A hound (D:4)
  A centaur skeleton (D:4)
  Natasha (twice) (D:2)
  2 orc wizards (D:5)
  Robin (D:2)
  8 gnolls
  2 adders
  An ufetubus (D:4)
  A worm (D:3)
  2 dart slugs
  9 orcs
  6 bats
  3 endoplasms
  4 giant cockroaches
  10 hobgoblins
  5 quokkas
  5 ball pythons
  3 frilled lizards
  11 goblins
  6 kobolds
  4 rats
90 creatures vanquished.

Notes
Turn   | Place    | Note
-------+----------+-------------------------------------------
     0 | D:1      | lordive the Troll Warper began the quest for the Orb.
     0 | D:1      | Reached XP level 1. HP: 19/19 MP: 1/1
   127 | D:1      | Reached XP level 2. HP: 27/27 MP: 3/3
   519 | D:1      | Reached XP level 3. HP: 33/33 MP: 4/4
   831 | D:2      | Noticed Natasha
   841 | D:2      | Killed Natasha
  1037 | D:2      | Noticed Robin
  1140 | D:2      | Reached XP level 4. HP: 23/41 MP: 5/5
  1153 | D:2      | Killed Robin
  1605 | D:2      | Noticed Natasha
  1612 | D:2      | Killed Natasha
  1613 | D:2      | Reached skill level 3 in Unarmed Combat
  1999 | D:3      | Reached XP level 5. HP: 31/48 MP: 6/6
  2010 | D:3      | Learned a level 3 spell: Teleport Other
  2037 | D:3      | Found an ancient bone altar of Kikubaaqudgha.
  2217 | D:3      | Noticed Dordric's ghost (amateur MfGl)
  2288 | D:3      | Found a runed translucent gate.
  2289 | D:3      | Found a runed translucent gate.
  2290 | D:3      | Found a runed translucent gate.
  2490 | D:3      | Found a faded altar of an unknown god.
  2543 | D:3      | Killed Dordric's ghost
  2544 | D:3      | Reached skill level 4 in Unarmed Combat
  2741 | D:4      | Reached XP level 6. HP: 57/57 MP: 7/7
  2885 | D:4      | Found a shimmering blue altar of Sif Muna.
  3287 | D:4      | Reached skill level 1 in Throwing
  3363 | D:5      | Entered Level 5 of the Dungeon
  3375 | D:5      | Reached skill level 1 in Shields
  3449 | D:5      | Noticed a wyvern
  3460 | D:5      | Slain by a wyvern

Illustrated notes

Levels and vault maps discovered:
D:1:      mushboom_english_gardens, layout_loops_ring, minmay_hexomino_u4
D:2:      layout_basic, uniq_natasha, uniq_robin
D:3:      layout_basic, kiku_gazebo_garden_becter, gammafunk_ghost_split,
          hellmonk_ecumenical_altar_leap_of_faith, grunt_decor_one_mirror,
          corexii_hall_statues_x
D:4:      layout_basic, mainiacjoe_overflow_24_doors
D:5:      layout_cave_pods, okawaru_altar_gauntlet_db, old_standard_altar,
          minmay_temple_entry_glassed_door, uniq_menkaure

Skill      XL: |  1  2  3  4  5  6 |
---------------+-------------------+-----
Dodging        | 2 |  2.9
Unarmed Combat | 3 4 |  4.9
Translocations | 3 |  3.3
Fighting       | 2 |  2.1
Throwing       | 1 |  1.0
Shields        | 1 |  1.0
Armour         | |  0.3
Stealth        | |  0.4
Spellcasting   | |  1.7

Action                   |  1- 3 |  4- 6 || total
-------------------------+-------+-------++-------
Melee: Unarmed           |    79 |   192 ||   271
       Punch             |     2 |     2 ||     4
Throw: Boomerang         |       |     3 ||     3
  Use: Scroll            |     1 |       ||     1
Armor: Robe              |    26 |    45 ||    71
Dodge: Dodged            |    48 |    84 ||   132

Table legend: (Time is in decaauts)
 A = Elapsed time spent in this place.
 B = Non-inter-level travel time spent in this place.
 C = Inter-level travel time spent in this place.
 D = Time resting spent in this place.
 E = Time spent auto-exploring this place.
 F = Levels seen in this place.
 G = Mean time per level.
                   A        B        C        D        E       F      G
               +--------+--------+--------+--------+--------+-----+--------+
         Total |   3444 |   3312 |    132 |     26 |   2738 |   5 |  688.8 |
       Dungeon |   3444 |   3312 |    132 |     26 |   2738 |   5 |  688.8 |
               +--------+--------+--------+--------+--------+-----+--------+

Top non-repeatable levels by time:
     D:2: 1195 daAuts
     D:4: 741 daAuts
     D:1: 726 daAuts
     D:3: 686 daAuts
     D:5: 95 daAuts
